 Dungeon Crawl Stone Soup version 0.29-a0-207-gf982a884d8 (webtiles) character file.

Game seed: 8700610600657483765

147 lunkers the Shooter (level 4, -10/36 HPs)
             Began as a Demigod Hunter on Feb 24, 2022.
             Mangled by an ogre
             ... wielding a +0 giant club
              (21 damage)
             ... on level 4 of the Dungeon.
             The game lasted 00:03:47 (2161 turns).

lunkers the Shooter (Demigod Hunter)                Turns: 2161, Time: 00:03:48

Health: -10/36     AC:  6    Str: 13    XL:     4   Next: 81%
Magic:  6/6        EV: 11    Int: 13    God:
Gold:   308        SH:  0    Dex: 18    Spells: 3/3 levels left

rFire   . . .      SeeInvis .   a - +1 shortbow
rCold   . . .      Faith    .   (shield currently unavailable)
rNeg    + . .      Spirit   .   d - +0 ring mail
rPois   .          Reflect  .   (no helmet)
rElec   .          Harm     .   (no cloak)
rCorr   .          Rampage  .   (no gloves)
Will    .....                   p - +0 pair of boots
Stlth   +.........              (no amulet)
HPRegen 0.12/turn               g - ring of flight
MPRegen 0.10/turn               q - ring of positive energy

@: flying
A: high MP 1, forlorn, divine attributes
a: no special abilities


You were on level 4 of the Dungeon.
You visited 1 branch of the dungeon, and saw 4 of its levels.

You collected 308 gold pieces.

Inventory:

Hand Weapons
 a - a +1 shortbow (weapon)
Armour
 b - a +0 leather armour
 d - a +0 ring mail (worn)
 p - a +0 pair of boots (worn)
Jewellery
 g - a ring of flight (left hand)
 q - a ring of positive energy (right hand)
Wands
 s - a wand of paralysis (8)
Scrolls
 e - 3 scrolls of teleportation {unknown}
 f - 6 scrolls of identify {unknown}
 h - 3 scrolls of amnesia {unknown}
 i - 5 scrolls of enchant armour {unknown}
 j - a scroll of fog {unknown}
 m - a scroll of immolation {unknown}
 t - a scroll of vulnerability {unknown}
Potions
 c - a potion of mutation {unknown}
 k - a potion of might {unknown}
 l - a potion of brilliance {unknown}
 n - a potion of curing {unknown}
 o - 2 potions of magic {unknown}
 r - a potion of attraction {unknown}


   Skills:
 - Level 1.7 Fighting
 * Level 5.8 Bows
 - Level 1.7 Dodging
 - Level 0.8 Stealth


You had 3 spell levels left.
You didn't know any spells.
Your spell library contained the following spells:

 Spells                   Type           Power      Damage    Failure   Level
 Call Canine Familiar     Summ           0%         N/A       90%         3
 Portal Projectile        Hex/Tloc       0%         N/A       90%         3
 Leda's Liquefaction      Hex/Erth       0%         N/A       100%        4


Dungeon Overview and Level Annotations

Branches:
Dungeon (4/15)
 Temple: D:4-7


Innate Abilities, Weirdness & Mutations

You have an increased reservoir of magic. (+10% MP)
You shall have no god before yourself.
Your divine heritage dramatically boosts your attributes as you level up.


Message History

There is a stone staircase leading up here.
t - a scroll labelled ODASESTR ROJAICSI A hound comes into view.
A hound is nearby!
You shoot an arrow. The arrow hits the hound.
The hound barks!
The hound is moderately wounded.
You hear a shout!
An ogre comes into view. It is wielding a +0 giant club.
You shoot an arrow. The arrow barely misses the hound.
The arrow hits the ogre!
The ogre is moderately wounded.
The hound closely misses you. The hound barely misses you.
You shoot an arrow.
The arrow hits the hound but does no damage.
The hound is moderately wounded.
The hound bites you but does no damage. The hound completely misses you.
You shoot an arrow. The arrow misses the hound.
The hound bites you. The hound closely misses you. The hound barely misses you.
You shoot an arrow. The arrow hits the hound.
The hound is heavily wounded.
The hound completely misses you.
You shoot an arrow. The arrow hits the hound!
You kill the hound!
The ogre hits you with a +0 giant club!!
Ouch! That really hurt!
* * * LOW HITPOINT WARNING * * *
Shoot: a) +1 shortbow
Press: ? - help, Q - select action, (/) - cycle Shift-Dir - straight line, f - ogre
Aim: an ogre, wielding a +0 giant club (moderately wounded, 77% to hit)
You shoot an arrow. The arrow barely misses the ogre.
The ogre closely misses you.
Unknown command.
Shoot: a) +1 shortbow
Press: ? - help, Q - select action, (/) - cycle Shift-Dir - straight line, f/p - ogre
Aim: an ogre, wielding a +0 giant club (moderately wounded, 77% to hit)
You shoot an arrow. The arrow barely misses the ogre.
The ogre hits you with a +0 giant club!!
Ouch! That really hurt!
You die...

# #
#.#.
#...###
#...#
#.# #O#
#@#
#.##
#..#
##.###
#.<.#
###.##
#..#
##>#
#.###


You could see an ogre.

Vanquished Creatures
  A hound (D:4)
  Natasha (twice) (D:2)
  2 worms (D:3)
  An orc (D:3)
  4 endoplasms
  3 giant cockroaches
  5 goblins
  5 hobgoblins
  10 kobolds
  6 quokkas
  3 ball pythons
  6 bats
  4 frilled lizards
  10 rats
62 creatures vanquished.

Notes
Turn   | Place    | Note
-------+----------+-------------------------------------------
     0 | D:1      | lunkers the Demigod Hunter began the quest for the Orb.
     0 | D:1      | Reached XP level 1. HP: 17/17 MP: 3/3
    76 | D:1      | Reached skill level 4 in Bows
   289 | D:1      | Reached XP level 2. HP: 24/24 MP: 4/4
   675 | D:2      | Reached XP level 3. HP: 29/29 MP: 5/5
   797 | D:2      | Noticed Natasha
   804 | D:2      | Killed Natasha
   805 | D:2      | Reached skill level 5 in Bows
  1380 | D:2      | Noticed Natasha
  1385 | D:2      | Killed Natasha
  1386 | D:2      | Reached XP level 4. HP: 29/36 MP: 6/6
  2152 | D:4      | Noticed an ogre
  2161 | D:4      | Mangled by an ogre

Illustrated notes

Levels and vault maps discovered:
D:1:      dpeg_arrival_pits, layout_rooms, dilly_ecumenical_altar_fadedgnrine,
          minmay_small_reverse_x
D:2:      layout_loops_cross, minmay_rat_gold_closets, uniq_natasha
D:3:      layout_basic, nicolae_vehumet_altar_sigil,
          mainiacjoe_overflow_brackets
D:4:      layout_rooms, kiku_gazebo_pond_becter, tgw_xom,
          minmay_temple_entry_overgrown, minmay_cut_off

Skill      XL: |  1  2  3 |
---------------+----------+-----
Bows           | 4 5 |  5.8
Fighting       | |  1.7
Dodging        | |  1.7
Stealth        | |  0.8

Action                   |  1- 3 |  4- 6 || total
-------------------------+-------+-------++-------
 Fire: Shortbow          |   105 |    64 ||   169
Armor: Ring mail         |    12 |    11 ||    23
       Leather armour    |     3 |       ||     3
Dodge: Dodged            |    19 |    21 ||    40

Table legend: (Time is in decaauts)
 A = Elapsed time spent in this place.
 B = Non-inter-level travel time spent in this place.
 C = Inter-level travel time spent in this place.
 D = Time resting spent in this place.
 E = Time spent auto-exploring this place.
 F = Levels seen in this place.
 G = Mean time per level.
                   A        B        C        D        E       F      G
               +--------+--------+--------+--------+--------+-----+--------+
         Total |   2223 |   2149 |     74 |      0 |   1740 |   4 |  555.8 |
       Dungeon |   2223 |   2149 |     74 |      0 |   1740 |   4 |  555.8 |
               +--------+--------+--------+--------+--------+-----+--------+

Top non-repeatable levels by time:
     D:2: 907 daAuts
     D:1: 638 daAuts
     D:3: 613 daAuts
     D:4: 64 daAuts
